 Dungeon Crawl Stone Soup version 0.29.1-12-g30fa7ad0bf (webtiles) character file.

Game seed: 11549773840677425927

32 FexLirch the Shield-Bearer (level 3, 0/30 HPs)
             Began as a Formicid Fighter on Jan 11, 2023.
             Succumbed to an adder's poison
             ... on level 2 of the Dungeon.
             The game lasted 00:01:01 (1428 turns).

FexLirch the Shield-Bearer (Formicid Fighter)       Turns: 1428, Time: 00:01:01

Health: 0/30       AC:  6    Str: 22    XL:     3   Next: 42%
Magic:  3/3        EV:  9    Int:  7    God:
Gold:   101        SH:  5    Dex: 13    Spells: 2/2 levels left

rFire   . . .      SeeInvis +   a - +0 war axe
rCold   . . .      Faith    .   c - +0 buckler
rNeg    . . .      Spirit   .   b - +0 scale mail
rPois   .          Reflect  .   (helmet unavailable)
rElec   .          Harm     .   (no cloak)
rCorr   .          Rampage  .   (no gloves)
Will    .....                   (no boots)
Stlth   ..........              (no amulet)
HPRegen 0.10/turn               (no ring)
MPRegen 0.08/turn               (no ring)

@: lethally poisoned (0 -> -10)
A: permanent stasis, dig shafts and tunnels, antennae 3, four strong arms
a: Dig, Shaft Self


You were on level 2 of the Dungeon.
You visited 1 branch of the dungeon, and saw 2 of its levels.

You collected 101 gold pieces.

Inventory:

Hand Weapons
 a - a +0 war axe (weapon)
 f - a +1 whip of pain
Armour
 b - a +0 scale mail (worn)
 c - a +0 buckler (worn)
Potions
 d - a potion of might
 e - a potion of curing {unknown}
 g - a potion of attraction {unknown}
 h - a potion of cancellation {unknown}
 i - a potion of haste {unknown}


   Skills:
 + Level 3.6 Fighting
 * Level 2.9 Axes
 - Level 3.2 Armour
 + Level 4.4 Shields


You had 2 spell levels left.
You didn't know any spells.
Your spell library was empty.

Dungeon Overview and Level Annotations

Branches:
Dungeon (2/15)

Altars:

Shops:
D:1 *


Innate Abilities, Weirdness & Mutations

You cannot be hasted, slowed, berserked, paralysed or teleported.
You can dig through walls and to a lower floor.
You have a pair of large antennae on your head. (SInv)
Your four strong arms can wield two-handed weapons with a shield.


Message History

The adder is severely wounded.
You feel sick.
You are no longer poisoned.
The adder barely misses you.
You barely miss the adder.
The adder is severely wounded.
The adder closely misses you. The adder bites you.
You are poisoned.
The adder poisons you!
You closely miss the adder.
The adder is severely wounded.
You feel sick. The adder barely misses you. x2
You hit the adder but do no damage.
The adder is severely wounded.
You feel sick. The adder bites you but does no damage.
The adder barely misses you.
You closely miss the adder.
The adder is severely wounded.
You feel sick.
You are no longer poisoned.
The adder barely misses you. x2
You closely miss the adder.
The adder is severely wounded.
The adder barely misses you. The adder bites you but does no damage.
You closely miss the adder.
The adder is severely wounded.
The adder misses you. The adder bites you.
* * * LOW HITPOINT WARNING * * *
You are lethally poisoned!
The adder poisons you!
You barely miss the adder.
The adder is severely wounded.
* * * LOW HITPOINT WARNING * * *
You feel sick. The adder bites you.
* * * LOW HITPOINT WARNING * * *
You are more poisoned.
The adder poisons you!
You slash the adder!
You kill the adder!
You die...

#######.....##..........
........##.#####....
{...............#..##
............##....##
............###...#.
#######.....#.......
#.....#.......
##########.....#.......
#....~@......~.#.......
.......†~≈~~~~..####....
..~.≈≈≈~~~≈≈~...# #.#..
.[.~~~~≈~≈≈≈≈~.## #.#.<
....~~~~~≈~≈≈~.# #.##.
...^~≈~~.~≈≈≈≈.# ..
....≈~≈._♣≈≈≈≈.# ...
....~~~..♣≈≈≈~.# ....
...~≈~~≈≈≈≈≈~.. ....#


There were no monsters in sight!

Vanquished Creatures
  An adder (D:2)
  2 ball pythons (D:1)
  5 bats
  3 endoplasms (D:1)
  A giant cockroach (D:1)
  3 hobgoblins (D:1)
  3 jackals (D:1)
  2 kobolds (D:1)
  A quokka (D:1)
  2 frilled lizards
  4 goblins
  2 rats (D:1)
29 creatures vanquished.

Notes
Turn   | Place    | Note
-------+----------+-------------------------------------------
     0 | D:1      | FexLirch the Formicid Fighter began the quest for the Orb.
     0 | D:1      | Reached XP level 1. HP: 18/18 MP: 1/1
    57 | D:1      | Found Aqimun's General Store.
   199 | D:1      | Reached XP level 2. HP: 24/24 MP: 2/2
   522 | D:1      | Reached XP level 3. HP: 27/29 MP: 3/3
  1187 | D:2      | Identified the +4 whip of the Lamprey {protect, rN+ Will++
                  | SInv Stlth+}
  1397 | D:2      | Found a faded altar of an unknown god.
  1428 | D:2      | Succumbed to an adder's poison

Illustrated notes

Levels and vault maps discovered:
D:1:      minmay_arrival_plants_in_alcoves, layout_basic, serial_shops, shop,
          minmay_misc_feat_nine_boxes, minmay_misc_feat_rugged, minivault_4
D:2:      layout_basic, chequers_ecumenical_altar_island, minivault_25

Action                   || total
-------------------------++-------
Melee: War axe           ||    95
Armor: Scale mail        ||    66
Dodge: Dodged            ||    51
Block: Buckler           ||    23
